 Dungeon Crawl Stone Soup version 0.27.0-1-g7a089689b8 (webtiles) character file.

Game seed: 4872210519351289697

1605 dtburroughs the Skirmisher (level 8, -9/106 (109) HPs)
             Began as a Minotaur Berserker on Aug 4, 2021.
             Was a Believer of Trog.
             Killed from afar by a steam dragon (20 damage)
             ... with a ball of steam
             ... on level 6 of the Dungeon.
             The game lasted 00:06:42 (5883 turns).

dtburroughs the Skirmisher (Minotaur Berserker)     Turns: 5883, Time: 00:06:42

HP:   -9/106 (109)  AC:  8    Str: 21    XL:     8   Next: 63%
MP:   7/7           EV:  8    Int:  6    God:    Trog [**....]
Gold: 135           SH: 11    Dex: 11    Spells: 7/7 levels left

rFire    . . .     SeeInvis .   o - +0 war axe
rCold    . . .     Faith    .   q - +0 tower shield
rNeg     . . .     Spirit   .   c - +1 ring mail {Will+}
rPois    .         Reflect  .   (helmet restricted)
rElec    .         Harm     .   (no cloak)
rCorr    .         Rampage  .   h - +0 pair of gloves
Will     ++...                  (no boots)
Stlth    ..........             (no amulet)
HPRegen  0.27/turn              s - ring of willpower
MPRegen  0.10/turn              (no ring)

@: berserking (expiring), lightly drained, very quick
A: horns 2, retaliatory headbutt
a: Renounce Religion, Berserk, Trog's Hand


You were on level 6 of the Dungeon.
You worshipped Trog.
Trog was pleased with you.
You visited 1 branch of the dungeon, and saw 6 of its levels.

You collected 135 gold pieces.

Inventory:

Hand Weapons
 a - a +0 hand axe
 o - a +0 war axe (weapon)
Armour
 b - a +0 animal skin
 c - a +1 ring mail of willpower (worn)
 h - a +0 pair of gloves (worn)
 q - a +0 tower shield (worn)
Jewellery
 s - a ring of willpower (left hand)
Scrolls
 e - a scroll of fear {unknown}
 f - 2 scrolls of identify {unknown}
 i - a scroll of immolation {unknown}
 j - 2 scrolls of enchant weapon {unknown}
 l - 3 scrolls of teleportation {unknown}
 p - a scroll of noise {unknown}
 t - a scroll of blinking {unknown}
 u - a scroll of vulnerability {unknown}
 v - a scroll of amnesia {unknown}
Potions
 d - a potion of lignification {unknown}
 g - a potion of berserk rage {unknown}
 k - a potion of magic
 m - a potion of cancellation {unknown}
 n - 2 potions of might {unknown}
 r - a potion of haste {unknown}
 w - 2 potions of heal wounds {unknown}


   Skills:
 + Level 7.5 Fighting
 + Level 7.5 Axes
 + Level 6.9 Armour
 + Level 6.3 Dodging


You had 7 spell levels left.
You didn't know any spells.
Your spell library was empty.

Dungeon Overview and Level Annotations

Branches:
Dungeon (6/15)             Temple (0/1) D:5

Altars:
Gozag

Annotations:
D:4 3 runed translucent doors, Thraspic's ghost, amateur GnWn
D:5 3 runed translucent doors, MRpancake's ghost, amateur DrWz


Innate Abilities, Weirdness & Mutations

You have a pair of horns on your head.
You reflexively headbutt those who attack you in melee.


Message History

The orc warrior hits you with a +2 war axe of draining.
* * * LOW HITPOINT WARNING * * *
You feel drained.
The orc priest hits you but does no damage.
You slice the orc warrior!! You headbutt the orc warrior!
You kill the orc warrior!
Trog accepts your kill. You block the orc priest's attack.
Your shield prevents you from hitting the steam dragon.
The orc priest hits you from afar with a +0 trident.
* * * LOW HITPOINT WARNING * * *
The steam dragon breathes steam at you. The ball of steam misses you.
You slash the steam dragon!
The steam dragon is moderately wounded.
You are engulfed in a cloud of scalding steam.
* * * LOW HITPOINT WARNING * * *
The orc priest hits you from afar with a +0 trident.
* * * LOW HITPOINT WARNING * * *
You block the steam dragon's attack. The steam dragon closely misses you.
You hit the steam dragon.
The steam dragon is heavily wounded.
You are engulfed in a cloud of scalding steam.
The orc priest hits you from afar with a +0 trident.
* * * LOW HITPOINT WARNING * * *
The steam dragon bites you but does no damage.
The steam dragon barely misses you.
You barely miss the steam dragon.
The steam dragon is heavily wounded.
You are engulfed in a cloud of scalding steam.
The orc priest hits you but does no damage.
You block the steam dragon's attack.
The steam dragon claws you but does no damage.
Your shield prevents you from hitting the steam dragon.
You headbutt the steam dragon.
The steam dragon is severely wounded.
The orc priest hits you but does no damage.
The steam dragon breathes steam at you. The ball of steam hits you!!
You die...

#+# #.#######
#.#..@D.#
#.#.###o#
#######.#.###.#
+..........##DY
######.#..##ooo
#.#..##....
###.#..##...Y.
#......##...oo#
#......#


You could see a steam dragon (catching breath) and an orc priest.

Vanquished Creatures
  Sigmund (D:3)
  3 yaks (D:6)
  An orc warrior (D:6)
  An ice beast (D:5)
  A black bear (D:5)
  A centaur (D:5)
  An ogre (D:5)
  A phantom (D:5)
  2 howler monkeys (D:5)
  2 hounds
  A bullfrog skeleton (D:5)
  A scorpion zombie (D:5)
  Terence (D:3)
  3 iguanas
  Ijyb (D:3)
  4 hound skeletons
  5 adders
  3 worms
  A dart slug (D:4)
  7 orcs
  8 endoplasms
  A giant cockroach (D:1)
  15 goblins
  10 hobgoblins
  4 jackals
  A quokka (D:4)
  6 ball pythons
  2 bats
  2 frilled lizards
  7 kobolds
  4 rats
101 creatures vanquished.

Notes
Turn   | Place    | Note
-------+----------+-------------------------------------------
     0 | D:1      | dtburroughs the Minotaur Berserker began the quest for the
                  | Orb.
     0 | D:1      | Reached XP level 1. HP: 19/19 MP: 0/0
   330 | D:1      | Reached XP level 2. HP: 15/27 MP: 1/1
  2234 | D:3      | Noticed Terence
  2237 | D:3      | Killed Terence
  2238 | D:3      | Reached XP level 3. HP: 33/33 MP: 2/2
  2300 | D:3      | Noticed Sigmund
  2314 | D:3      | Killed Sigmund
  2315 | D:3      | Reached XP level 4. HP: 13/41 MP: 3/3
  2315 | D:3      | Reached XP level 5. HP: 14/47 MP: 4/4
  2330 | D:3      | HP: 2/47 [orc (4)]
  2336 | D:2      | Reached skill level 5 in Axes
  2621 | D:2      | Reached skill level 5 in Fighting
  2825 | D:3      | Reached ** piety under Trog
  2937 | D:3      | Found a faded altar of an unknown god.
  3227 | D:3      | Noticed Ijyb
  3242 | D:3      | Paralysed by Ijyb for 3 turns
  3249 | D:3      | Killed Ijyb
  3250 | D:3      | Reached XP level 6. HP: 33/56 MP: 5/5
  4088 | D:4      | Found a runed translucent gate.
  4089 | D:4      | Found a runed translucent gate.
  4089 | D:4      | Found a runed translucent gate.
  4090 | D:4      | Found an opulent altar of Gozag.
  4091 | D:4      | Noticed Thraspic's ghost (amateur GnWn)
  4091 | D:4      | Noticed a steam dragon
  4195 | D:5      | Entered Level 5 of the Dungeon
  4209 | D:5      | Found a staircase to the Ecumenical Temple.
  4428 | D:5      | Reached skill level 5 in Armour
  4428 | D:5      | Reached XP level 7. HP: 56/62 MP: 6/6
  4780 | D:5      | HP: 4/93 [ogre (10)]
  5145 | D:5      | Reached skill level 5 in Dodging
  5317 | D:5      | Reached XP level 8. HP: 63/71 MP: 7/7
  5404 | D:5      | Found a runed translucent gate.
  5404 | D:5      | Found a runed translucent gate.
  5404 | D:5      | Found a runed translucent gate.
  5407 | D:5      | Noticed MRpancake's ghost (amateur DrWz)
  5883 | D:6      | Killed from afar by a steam dragon

Illustrated notes

Levels and vault maps discovered:
D:1:      dpeg_arrival_rhombus, layout_loops_corners
D:2:      layout_loops_corners
D:3:      kennysheep_goblin_castle, layout_rooms,
          hellmonk_ecumenical_altar_crossroads, uniq_sigmund, uniq_terence
D:4:      layout_layer_cave, ebering_ghost_gozag
D:5:      minmay_angry_zag, layout_basic, temple_green, gammafunk_ghost_split
D:6:      layout_basic, mainiacjoe_overflow_alcove_4, kennysheep_mini_moat,
          gammafunk_temple_overflow_elements, gammafunk_ghost_split

Skill      XL: |  1  2  3  4  5  6  7  8 |
---------------+-------------------------+-----
Axes           | 4 5 6 7 |  7.5
Fighting       | 4 5 6 7 |  7.5
Armour         | 3 4 5 6 |  6.9
Dodging        | 3 4 5 6 |  6.3

Action                   |  1- 3 |  4- 6 |  7- 9 || total
-------------------------+-------+-------+-------++-------
Melee: Hand axe          |    64 |    19 |       ||    83
       Headbutt          |     6 |    26 |    23 ||    55
       War axe           |       |   115 |    94 ||   209
Invok: Berserk           |     3 |       |     2 ||     5
       Trog's Hand       |       |     1 |     2 ||     3
  Use: Potion            |       |     2 |       ||     2
 Stab: Sleeping          |     1 |       |       ||     1
Armor: Animal skin       |    13 |       |       ||    13
       Ring mail         |       |    52 |    63 ||   115
Dodge: Dodged            |    44 |    53 |    24 ||   121
Block: Tower shield      |       |    68 |    80 ||   148
